 Dungeon Crawl Stone Soup version 0.29.0-4-gdea44cf6ec (webtiles) character file.

Game seed: 8835205965439298297

26 qw the Chopper (level 3, -2/21 HPs)
             Began as a Tengu Warper on Aug 28, 2022.
             Killed by divine providence
             ... invoked by an orc priest
              (8 damage)
             ... on level 1 of the Dungeon.
             The game lasted 00:00:07 (1564 turns).

qw the Chopper (Tengu Warper)                       Turns: 1564, Time: 00:00:07

Health: -2/21      AC:  9    Str: 13    XL:     3   Next: 8%
Magic:  7/7        EV: 11    Int: 13    God:
Gold:   47         SH:  0    Dex: 13    Spells: 6/6 levels left

rFire   . . .      SeeInvis .   Y - +0 hand axe
rCold   . . .      Faith    .   (no shield)
rNeg    . . .      Spirit   .   e - +0 ring mail
rPois   .          Reflect  .   (helmet restricted)
rElec   .          Harm     .   (no cloak)
rCorr   .          Rampage  .   (no gloves)
Will    .....                   (boots unavailable)
Stlth   +.........              (no amulet)
HPRegen 0.07/turn               j - +4 ring of protection
MPRegen 0.10/turn               (no ring)

@: no status effects
A: beak, talons 3
a: no special abilities


You were on level 1 of the Dungeon.
You visited 1 branch of the dungeon, and saw 2 of its levels.

You collected 47 gold pieces.


Innate Abilities, Weirdness & Mutations

You have a beak for a mouth.
You have claws for feet.


   Skills:
 - Level 2.0 Fighting
 + Level 3.8 Axes
 - Level 1.0 Throwing
 - Level 1.1 Armour
 - Level 2.1 Dodging
 - Level 2.0 Spellcasting
 - Level 2.4 Translocations


You had 6 spell levels left.
You didn't know any spells.
Your spell library contained the following spells:

 Spells                   Type           Power      Damage    Failure   Level
 Blink                    Tloc           14%        N/A       30%         2
 Gell's Gravitas          Tloc           7%         N/A       52%         3
 Lesser Beckoning         Tloc           7%         N/A       52%         3
 Teleport Other           Tloc           7%         N/A       52%         3
 Manifold Assault         Tloc           7%         N/A       99%         5

Inventory:

Hand Weapons
 h - a +0 whip
 Y - a +0 hand axe (weapon)
Armour
 e - a +0 ring mail (worn)
Jewellery
 d - a ring of fire
 j - a +4 ring of protection (left hand)
Potions
 g - a potion of attraction {unknown}

Dungeon Overview and Level Annotations

Branches:
Dungeon (2/15)

Altars:


Message History

The orc priest hits you with a +0 hand axe.
The orc hits you but does no damage.
You climb upwards.
Reactivating autopickup.
There is a stone staircase leading down here.
You barely miss the orc priest. You barely miss the orc.
The orc hits you but does no damage.
The orc priest hits you but does no damage.
You hit the orc priest. You peck the orc priest.
The orc priest is moderately wounded.
You hit the orc. The orc barely misses you.
The orc priest looks encouraged for a moment.
You closely miss the orc.
The orc is heavily wounded.
You closely miss the orc priest. The orc hits you but does no damage.
The orc priest hits you but does no damage.
You hit the orc.
The orc is severely wounded.
You hit the orc priest. The orc barely misses you.
The orc priest looks encouraged for a moment.
You barely miss the orc. You peck the orc.
The orc is almost dead.
You barely miss the orc priest. The orc hits you with a +0 club.
The orc priest barely misses you.
You hit the orc.
You kill the orc!
You hit the orc priest.
The orc priest calls down the wrath of Beogh upon you.
Beogh smites you!
You hit the orc priest. Your kick misses the orc priest.
The orc priest is severely wounded.
The orc priest misses you.
You completely miss the orc priest. Your peck misses the orc priest.
The orc priest is severely wounded.
The orc priest mumbles some strange prayers to Beogh against you.
Beogh smites you!
You die...

#.# #.## #.#.# #######....... #.#
#..###.#.# #~~~~~~~..#### #.#
##.#.##.#.## #~#~~~~~~~.### #.#
#.###).....# ##~~~~~~....
#.######.#.......# ##~~~~~....
#..............#.#### ##~~.~.###
#..######.###..#.##.# #..~~~~#
#..######.###..#)##.# #.~~~~~#
.#.........##..#@#..####.~~~~~#
#..######.###...o[.......)~~..###
#..######................~~~~....
#.........######....####..~~~.###
##'#####..# #...)# #.~~~~.###
~~~~~# #..# ###..# #~~~~~~...
~~~~~# #..# #..# #)~~~~.###
~~~~~###..# #..# #.~~~.~#
~~~~~#....# #..####~~~~~####


You could see an orc priest.

Vanquished Creatures
  A dart slug (D:1)
  2 orcs (D:1)
  2 giant cockroaches (D:1)
  6 goblins (D:1)
  A hobgoblin (D:1)
  2 bats (D:1)
  2 frilled lizards (D:1)
  2 kobolds (D:1)
  3 rats (D:1)
21 creatures vanquished.

Notes
Turn   | Place    | Note
-------+----------+-------------------------------------------
     0 | D:1      | qw the Tengu Warper began the quest for the Orb.
     0 | D:1      | Reached XP level 1. HP: 12/12 MP: 4/4
     0 | D:1      | 0 ||| qw: Version: 0.1-a-89-g26bdef1
     0 | D:1      | 0 ||| qw: Game counter: 645
     0 | D:1      | 0 ||| qw: Always use a shield: true
     0 | D:1      | 0 ||| qw: God list: Okawaru
     0 | D:1      | 0 ||| qw: Allow faded altars: false
     0 | D:1      | 0 ||| qw: Do Orc after D:15 true
     0 | D:1      | 0 ||| qw: Do second Lair branch before Depths: true
     0 | D:1      | 0 ||| qw: Lair rune preference: random
     0 | D:1      | 0 ||| qw: Plans: Normal
     0 | D:1      | 0 ||| PLANNING D:1-11
    48 | D:1      | 48 ||| Stepping ~*~*~tactically~*~*~ (stealth).
    65 | D:1      | 65 ||| DROPPING +0 club.
   159 | D:1      | Reached XP level 2. HP: 17/17 MP: 6/6
   161 | D:1      | 161 ||| Stepping ~*~*~tactically~*~*~ (hiding).
   263 | D:1      | 263 ||| Stepping ~*~*~tactically~*~*~ (hiding).
   365 | D:1      | 365 ||| Stepping ~*~*~tactically~*~*~ (hiding).
   367 | D:1      | 367 ||| Stepping ~*~*~tactically~*~*~ (hiding).
   368 | D:1      | 368 ||| Stepping ~*~*~tactically~*~*~ (hiding).
   370 | D:1      | 370 ||| Stepping ~*~*~tactically~*~*~ (hiding).
   378 | D:1      | Reached skill level 3 in Axes
   540 | D:1      | Found a faded altar of an unknown god.
  1323 | D:1      | 1323 ||| UPGRADING to +0 ring mail.
  1333 | D:1      | 1333 ||| DROPPING +0 leather armour.
  1334 | D:1      | 1334 ||| UPGRADING to +4 ring of protection.
  1335 | D:1      | 1335 ||| READING scroll labelled LIPHUA QELAEFE.
  1336 | D:1      | 1336 ||| READING scroll labelled PUWEMECLEN.
  1337 | D:1      | 1337 ||| DROPPING scroll of blinking.
  1362 | D:2      | 1362 ||| FLEEEEING.
  1363 | D:2      | 1363 ||| FLEEEEING.
  1364 | D:2      | 1364 ||| FLEEEEING.
  1365 | D:2      | 1365 ||| FLEEEEING.
  1366 | D:2      | 1366 ||| STAIRDANCE
  1550 | D:2      | 1550 ||| STAIRDANCE
  1553 | D:1      | Reached XP level 3. HP: 21/21 MP: 7/7
  1555 | D:2      | 1555 ||| STAIRDANCE
  1564 | D:1      | Killed from afar by an orc priest

Levels and vault maps discovered:
D:1:      dpeg_arrival_yet_another_circle, layout_loops_ring,
          shapermc_ecumenical_altar_mp_highgroup, serial_rivers,
          chequers_serial_rivers_micro_d, chequers_serial_rivers_large_a,
          chequers_serial_rivers_micro_b, chequers_serial_rivers_micro_c,
          chequers_serial_rivers_room_b
D:2:      layout_basic

Skill      XL: |  1  2 |
---------------+-------+-----
Axes           | 3 |  3.8
Fighting       | |  2.0
Throwing       | |  1.0
Armour         | |  1.1
Dodging        | |  2.1
Spellcasting   | |  2.0
Translocations | |  2.4

Action                   || total
-------------------------++-------
Melee: Hand axe          ||    51
       Kick              ||    11
       Peck              ||    10
Throw: Boomerang         ||     7
  Use: Scroll            ||     2
Armor: Leather armour    ||     4
       Ring mail         ||     8
Dodge: Dodged            ||    28

Table legend:
 A = Non-vault XP
 B = Vault XP
 C = Vault XP percentage of total XP
 D = Non-vault monster count
 E = Vault monster count
 F = Vault count percentage of total count
                 A         B        C        D         E       F
            +---------+---------+-------+---------+---------+-------
      Total |      38 |       0 |   0.0 |      21 |       0 |   0.0
            +---------+---------+-------+---------+---------+-------
        D:1 |      38 |       0 |   0.0 |      21 |       0 |   0.0
            +---------+---------+-------+---------+---------+-------
